 Dungeon Crawl Stone Soup version 0.20.1-1-g8b1a95d (webtiles) character file.

11011 Plasmagod the Covert (level 11, -12/61 HPs)
             Began as a Spriggan Assassin on Dec 30, 2017.
             Was a Priest of Dithmenos.
             Shot with a bolt by an orc knight (39 damage)
             ... on level 1 of the Orcish Mines on Dec 31, 2017.
             The game lasted 03:37:19 (14816 turns).

Plasmagod the Covert (Spriggan Assassin)           Turns: 14816, Time: 03:37:20

Health: -12/61     AC:  5    Str: 13    XL:     11   Next: 43%
Magic:  10/18      EV: 30    Int: 15    God:    Dithmenos [***...]
Gold:   217        SH:  0    Dex: 20    Spells: 20/21 levels left

rFire    + . .     SeeInvis +   M - +7 quick blade of Virtue {pierce, rF+ Str+5}
rCold    + . .     Gourm    .   (shield restricted)
rNeg     . . .     Faith    .   S - +1 robe {rC+}
rPois    .         Spirit   .   (helmet restricted)
rElec    .         Reflect  .   d - +1 cloak
rCorr    .         Harm     .   (gloves unavailable)
MR       +....     Clarity  +   (boots unavailable) Stlth +++++++++.Rnd*Tele +
                                (no amulet)
Regen    0.2/turn               C - ring of teleportation (curse)
MPRegen  0.2/turn               T - ring of stealth

@: wreathed by umbra, very quick
A: unfitting armour, see invisible, clarity, clever 1, herbivore 3, speed 3, low
mp 1, robust 1, slow metabolism 2
a: Shadow Step, Renounce Religion


You were on level 1 of the Orcish Mines.
You worshipped Dithmenos.
Dithmenos was most pleased with you.
You were full.

You visited 3 branches of the dungeon, and saw 12 of its levels.
You also visited: Ossuary.

You collected 737 gold pieces.
You spent 520 gold pieces at shops.

Inventory:

Hand Weapons
 a - a +2 dagger
 b - a +0 blowgun
 o - a +3 dagger of freezing
 M - the +7 quick blade of Virtue (weapon) {pierce, rF+ Str+5}
   (You bought it in a shop on level 6 of the Dungeon)

   It inflicts extra damage upon your enemies.
   It affects your strength (+5).
   It protects you from fire.
Missiles
 e - 64 poisoned needles
 f - 2 curare-tipped needles
 V - 6 needles of confusion
Armour
 c - a +1 robe
 d - a +1 cloak (worn)
 K - a +1 robe of magic resistance
 S - a +1 robe of cold resistance (worn)
Jewellery
 i - an uncursed ring of protection from cold
 A - an uncursed ring of wizardry
 C - a cursed ring of teleportation (left hand)
 G - an uncursed ring of ice
 T - a ring of stealth (right hand)
Wands
 k - a wand of polymorph (13/24)
 n - a wand of iceblast (0/15)
 y - a wand of digging (17/24)
 I - a wand of acid (0/15)
 Q - a wand of iceblast (0/15)
Scrolls
 l - 2 scrolls of amnesia
 q - 2 scrolls of enchant armour
 t - 2 scrolls of teleportation
 u - 2 scrolls of recharging
 x - a scroll of magic mapping
 F - a scroll of enchant weapon
 H - 3 scrolls of fear
 J - a scroll of summoning
 U - a scroll of fog {unknown}
Potions
 m - a potion of brilliance
 p - 4 potions of lignification
 r - a potion of flight
 v - 2 potions of haste
 w - a potion of ambrosia
 B - 5 potions of curing
 D - 3 potions of agility
 E - a potion of berserk rage {unknown}
 L - a potion of heal wounds
 O - a potion of cancellation
 P - a potion of experience {unknown}
Books
 h - a Young Poisoner's Handbook

   Spells                             Type                      Level
   a - Sting                          Conjuration/Poison           1
   b - Poisonous Vapours              Poison/Air                   2
   c - Mephitic Cloud                 Conjuration/Poison/Air       3
   d - Olgreb's Toxic Radiance        Poison                       4
   e - Venom Bolt                     Conjuration/Poison           5
 j - a book of Battle

   Spells                             Type                      Level
   a - Infusion                       Charms                       1
   b - Shroud of Golubria             Charms/Translocation         2
   c - Song of Slaying                Charms                       2
   d - Spectral Weapon                Hexes/Charms                 3
   e - Regeneration                   Charms/Necromancy            3
 R - a book of Transfigurations

   Spells                             Type                      Level
   a - Irradiate                      Conjuration/Transmutation    5
   b - Statue Form                    Transmutation/Earth          6
   c - Hydra Form                     Transmutation                6
   d - Dragon Form                    Transmutation                7
Comestibles
 g - 6 bread rations
 s - 4 fruits
 z - 2 royal jellies


   Skills:
 + Level 5.7 Fighting
 + Level 10.2 Short Blades
 - Level 2.8 Throwing
 + Level 12.8 Dodging
 + Level 13.8 Stealth
 + Level 5.9 Spellcasting
 + Level 4.2 Poison Magic


You had 20 spell levels left.
You knew the following spells:

 Your Spells              Type           Power        Failure   Level  Hunger
a - Sting                 Conj/Pois      ##..         6%          1    None


Dungeon Overview and Level Annotations

Branches:
Dungeon (9/15)             Temple (1/1) D:6             Orc (2/2) D:9
    Elf (0/3) Orc:2
   Lair: D:8-11

Altars:
Ashenzari
Cheibriados
Dithmenos
Elyvilon
Fedhas
Gozag
Hepliaklqana
Kikubaaqudgha
Makhleb
Nemelex Xobeh
Okawaru
Qazlal
Ru
Sif Muna
Trog
Uskayaw
Vehumet
Xom
Yredelemnul
Zin
The Shining One

Shops:
D:6 (   D:8 [   D:9 *   Orc:2 :

Portals:
Ice
Cave: Orc:2


Innate Abilities, Weirdness & Mutations

You are very small and have problems with some larger weapons.
You are too small for most types of armour.
You have supernaturally acute eyesight. (SInv)
You are a herbivore.
You cover ground extremely quickly.
You need consume almost no food.
You possess an exceptional clarity of mind.
Your mind is acute. (Int +2)
Your magical capacity is low. (-10% MP)
You are robust. (+10% HP)


Message History

You kill the ogre!
Dithmenos accepts your kill.
You see here 13 gold pieces.
Casting: Sting
Confirm with . or Enter, or press ? or * to list all spells.
Aiming: Sting
Press: ? - help, Shift-Dir - straight line, f - orc warrior
Aim: an orc warrior, wielding a halberd and wearing a chain mail (lightly wounded, unusually strong)
The sting hits the orc warrior.
The orc warrior appears unharmed.
The orc warrior is lightly wounded.
Casting: Sting
Confirm with . or Enter, or press ? or * to list all spells.
Aiming: Sting
Press: ? - help, Shift-Dir - straight line, f/p - orc warrior
Aim: an orc warrior, wielding a halberd and wearing a chain mail (lightly wounded, unusually strong, umbra)
The sting hits the orc warrior.
The orc warrior appears unharmed.
The orc warrior is lightly wounded.
The orc knight shoots a bolt.
The bolt hits you!!!
Ouch! That really hurt!
You die...

#.##....#...(.....#
##.##).........#..#
#...†(..#)........#
##(##.........)..##
##.#)#............#
#...o.............#
#....#...............#
#....#.$........#......#
#.......o..@........#....#
#........##....>.........#
##.##....##........##....#
###...............# ....#
##.............. ...##
#.....#......#..
#.#..####.....# . .....
.......


You could see an orc knight and an orc warrior.

Vanquished Creatures
  Snorg (Orc:2)
  Fannar (Orc:1)
  2 two-headed ogres (D:8)
  An orc sorcerer (Orc:1)
  A troll (D:8)
  A hornet (D:8)
  2 hippogriffs
  3 yaks (D:9)
  3 wargs
  A water moccasin (D:9)
  The ghost of tarantulino the Sneak, an amateur DEIE (D:4)
  12 orc warriors
  2 necrophages
  2 phantoms
  9 ice beasts
  A sky beast (D:9)
  7 ogres
  3 centaurs
  A crocodile (D:8)
  3 big kobolds
  9 bullfrogs
  3 water moccasin zombies
  A scorpion (D:9)
  A wight (D:8)
  5 killer bees (D:7)
  A howler monkey (D:6)
  3 crimson imps
  A bullfrog zombie (D:9)
  3 centaur zombies
  2 quasits
  2 hounds (D:9)
  3 orc priests
  A centaur skeleton (D:4)
  12 orc wizards
  A bullfrog skeleton (D:5)
  2 iguanas
  7 worker ants
  4 big kobold zombies (Ossuary)
  A hound skeleton (D:8)
  2 mummies (Ossuary)
  5 gnolls
  3 howler monkey skeletons
  14 adders
  3 shadow imps
  8 adder zombies (Ossuary)
  2 worms (D:3)
  3 dart slugs
  5 leopard geckos
  43 orcs
  9 bats
  4 giant cockroaches
  A gnoll zombie (Ossuary)
  8 goblins
  6 hobgoblins
  14 jackals
  3 quokkas
  A ball python skeleton (D:4)
  8 frilled lizards
  A giant cockroach zombie (D:6)
  A goblin zombie (D:8)
  A hobgoblin zombie (Ossuary)
  18 kobolds
  5 kobold zombies (Ossuary)
  A leopard gecko skeleton (D:5)
  6 orc zombies (Ossuary)
  A quokka skeleton (D:9)
  7 rats
  A rat zombie (D:8)
303 creatures vanquished.

Vanquished Creatures (others)
  A wizard (D:4)
  An orc wizard (Orc:1)
  A hobgoblin zombie (Ossuary)
3 creatures vanquished.

Grand Total: 306 creatures vanquished

Notes
Turn   | Place    | Note
-------+----------+-------------------------------------------
     0 | D:1      | Plasmagod the Spriggan Assassin began the quest for the Orb.
     0 | D:1      | Reached XP level 1. HP: 10/10 MP: 2/2
    53 | D:1      | Reached skill level 6 in Stealth
   154 | D:1      | Reached XP level 2. HP: 13/14 MP: 3/3
   650 | D:1      | Reached skill level 7 in Stealth
   963 | D:2      | Reached XP level 3. HP: 18/18 MP: 4/4
  1308 | D:2      | Found an iron altar of Okawaru.
  1311 | D:2      | Found a hazy altar of Hepliaklqana.
  1314 | D:2      | Found a basalt altar of Yredelemnul.
  1317 | D:2      | Found a shadowy altar of Dithmenos.
  1353 | D:2      | Became a worshipper of Dithmenos the Shadowed
  1974 | D:3      | Reached XP level 4. HP: 19/23 MP: 5/5
  2304 | D:3      | Reached * piety under Dithmenos
  3079 | D:4      | Reached XP level 5. HP: 20/26 MP: 6/6
  3120 | D:4      | Noticed tarantulino's ghost (amateur DEIE)
  3131 | D:4      | Reached skill level 8 in Stealth
  3137 | D:4      | Found a hide-covered altar of Uskayaw.
  3889 | D:4      | Killed tarantulino's ghost
  3889 | D:4      | Reached XP level 6. HP: 16/31 MP: 7/7
  4207 | D:4      | Found a bloodstained altar of Trog.
  4235 | D:4      | Got a pair of shimmering boots
  4238 | D:4      | Gained mutation: Your muscles are strong. (Str +2) [potion of mutation]
  4238 | D:4      | Gained mutation: Your body sometimes deteriorates upon taking damage. [potion of mutation]
  4238 | D:4      | Gained mutation: You have an increased reservoir of magic. (+10% MP) [potion of mutation]
  4238 | D:4      | Gained mutation: Your muscles are very strong. (Str +4) [potion of mutation]
  4239 | D:4      | Lost mutation: Your body sometimes deteriorates upon taking damage. [potion of mutation]
  4239 | D:4      | Lost mutation: Your muscles are very strong. (Str +4) [potion of mutation]
  4239 | D:4      | Lost mutation: You have an increased reservoir of magic. (+10% MP) [potion of mutation]
  4239 | D:4      | Lost mutation: Your muscles are strong. (Str +2) [potion of mutation]
  4239 | D:4      | Gained mutation: You are robust. (+10% HP) [potion of mutation]
  4239 | D:4      | Gained mutation: Your magical capacity is low. (-10% MP) [potion of mutation]
  4239 | D:4      | Gained mutation: Your mind is acute. (Int +2) [potion of mutation]
  4239 | D:4      | Gained mutation: You possess an exceptional clarity of mind. [potion of mutation]
  4373 | D:4      | Noticed a wizard
  4379 | D:4      | Killed a wizard
  4481 | D:4      | Reached skill level 9 in Stealth
  4709 | D:5      | Entered Level 5 of the Dungeon
  4755 | D:5      | Found a deep blue altar of Sif Muna.
  5526 | D:5      | Reached XP level 7. HP: 19/38 MP: 7/7
  5717 | D:5      | Reached skill level 5 in Short Blades
  5751 | D:6      | Reached skill level 5 in Dodging
  5817 | D:6      | Found a staircase to the Ecumenical Temple.
  5827 | Temple   | Entered the Ecumenical Temple
  6069 | D:6      | Found Kigoh's Antique Weapon Shop.
  6218 | D:6      | Reached ** piety under Dithmenos
  6555 | D:6      | Reached skill level 10 in Stealth
  6555 | D:6      | Reached XP level 8. HP: 42/42 MP: 8/8
  7055 | D:6      | Found a radiant altar of Vehumet.
  7274 | D:7      | Noticed a hippogriff
  7279 | D:7      | Found a shimmering altar of Xom.
  7281 | D:7      | Killed a hippogriff
  7467 | D:7      | Learned a level 1 spell: Sting
  7813 | D:8      | Noticed a troll
  7937 | D:8      | Noticed a two-headed ogre
  7941 | D:8      | Killed a two-headed ogre
  7941 | D:8      | Reached skill level 10 in Dodging
  7941 | D:8      | Reached skill level 11 in Stealth
  7941 | D:8      | Reached XP level 9. HP: 42/49 MP: 9/9
  8018 | D:8      | Found Zukoom's Armour Emporium.
  8070 | D:8      | Found a sand-covered staircase.
  8077 | Ossuary  | Entered an ossuary
  8869 | D:8      | Reached skill level 12 in Stealth
  8982 | D:8      | Found a blossoming altar of Fedhas.
  9094 | D:8      | Reached *** piety under Dithmenos
  9146 | D:8      | Killed a troll
  9146 | D:8      | Reached skill level 1 in Spellcasting
  9168 | D:8      | Reached skill level 1 in Poison Magic
  9348 | D:8      | Reached XP level 10. HP: 34/56 MP: 8/13
  9447 | D:8      | Noticed a two-headed ogre
  9491 | D:8      | Killed a two-headed ogre
 10692 | D:9      | Reached **** piety under Dithmenos
 10954 | D:9      | Reached skill level 5 in Fighting
 10969 | D:9      | Found Wasuzuischy's Assorted Antiques.
 11490 | D:9      | Found a staircase to the Orcish Mines.
 12130 | Orc:1    | Entered Level 1 of the Orcish Mines
 12151 | Orc:1    | Noticed Fannar
 12389 | Orc:1    | Reached skill level 13 in Stealth
 12545 | D:9      | HP: 1/56 [warg (9)]
 13668 | D:6      | Bought an iridescent quick blade for 520 gold pieces
 13668 | D:6      | Identified the +7 quick blade of Virtue {pierce, rF+ Str+5} (You bought it in a shop on level 6 of the Dungeon)
 13754 | D:9      | Reached XP level 11. HP: 61/61 MP: 17/17
 13772 | D:9      | Reached skill level 5 in Spellcasting
 13826 | Orc:1    | Killed Fannar
 13826 | Orc:1    | Reached skill level 10 in Short Blades
 14211 | Orc:2    | Entered Level 2 of the Orcish Mines
 14211 | Orc:2    | Found a frozen archway.
 14211 | Orc:2    | Found a staircase to the Elven Halls.
 14264 | Orc:2    | Noticed Snorg
 14270 | Orc:2    | Killed Snorg
 14338 | Orc:2    | Noticed an orc high priest
 14338 | Orc:2    | Noticed an orc sorcerer
 14338 | Orc:2    | Noticed an orc high priest
 14338 | Orc:2    | Noticed an orc knight
 14338 | Orc:2    | Noticed an orc warlord
 14338 | Orc:2    | Noticed an orc knight
 14342 | Orc:2    | Found Guqihara's Book Boutique.
 14582 | Orc:1    | Noticed an orc sorcerer
 14626 | Orc:1    | Killed an orc sorcerer
 14757 | Orc:1    | Noticed an orc knight
 14816 | Orc:1    | Shot with a bolt by an orc knight

Skill      XL: |  1  2  3  4  5  6  7  8  9 10 11 |
---------------+----------------------------------+-----
Stealth        | 6 7 8 9 10 11 12 13 | 13.8
Short Blades   | 3 4 5 7 8 9 10 | 10.2
Fighting       | 2 4 5 |  5.7
Dodging        | 2 4 6 10 12 | 12.8
Spellcasting   | 2 4 5 |  5.9
Poison Magic   | 1 3 4 |  4.2
Throwing       | |  2.8

Action                   |  1- 3 |  4- 6 |  7- 9 | 10-12 || total
-------------------------+-------+-------+-------+-------++-------
Melee: Dagger            |   128 |   389 |   604 |   593 ||  1714
       Quick blade       |       |       |       |   153 ||   153
 Fire: Blowgun           |       |    14 |    55 |    11 ||    80
 Cast: Sting             |       |       |    28 |   121 ||   149
Invok: Shadow Step       |       |       |     4 |    10 ||    14
Evoke: Wand              |       |       |     6 |     8 ||    14
  Use: Scroll            |     5 |     4 |     9 |     8 ||    26
       Potion            |       |    10 |     2 |     4 ||    16
 Stab: Sleeping          |    17 |     9 |    32 |    18 ||    76
       Distracted        |     1 |       |       |     2 ||     3
  Eat: Fruit             |       |     3 |       |     5 ||     8
       Bread ration      |       |       |     1 |     1 ||     2
Armor: Robe              |    11 |    24 |    30 |    12 ||    77
Dodge: Dodged            |    80 |   200 |   428 |   560 ||  1268
